Map: [ESL] Site Delta

Players

Elazer - Winner!

  • Race: Zerg Zerg
  • Spawn Location: 11:00

ShaDoWn

  • Race: Protoss Protoss
  • Spawn Location: 5:00

Event: ESL SC2 Masters 2023 Winter (Regional)

VOD

Have the link to the VOD?

Description

Time

  • Played on: Oct. 27, 2023, 11:05 a.m.
  • Length: 28:57

All games in this series

Show
View Real Time Build Order
Export as new Build Order

Elazer Zerg - Winner!

Build Orders: Hatch First 

Get SALT Encoding   

  12  0:00  Drone  
  13  0:07  Drone  
  14  0:33  Hatchery  
  13  0:35  Drone  
  13  0:41  Extractor  
  13  0:42  Drone  
  15  0:50  Overlord  
  15  1:04  Spawning Pool  
  14  1:08  Drone  
  14  1:10  Drone  
  16  1:14  Drone  
  17  1:20  Drone  
  18  1:30  Drone  
  19  1:42  Drone  
  19  1:45  Drone  
  21  1:51  Queen x2  
  25  1:55  Zergling x2  
  25  1:56  Overlord  
  26  2:03  Drone  
  26  2:06  Drone  
  28  2:15  Drone  
  29  2:17  Drone  
  30  2:24  Drone  
  30  2:27  Drone  
  30  2:28  Hatchery  
  30  2:29  Extractor  
  30  2:37  Queen  
  30  2:40  Overlord  
  32  2:44  Zergling x2  
  33  2:52  Drone x2  
  33  2:56  Drone  
  36  2:58  Queen  
  36  3:04  Drone x3  
  40  3:10  Zergling x2  
  40  3:11  Drone  
  42  3:13  Queen  
  42  3:18  Overlord  
  44  3:25  Spore Crawler  
  44  3:26  Drone  
  44  3:39  Drone  
  44  3:40  Drone x6  
  51  3:43  Queen  
  51  3:45  Overlord  
  51  3:47  Drone x3  
  56  3:53  Spore Crawler, Overlord  
  54  3:58  Metabolic Boost  
  54  4:00  Drone  
  53  4:02  Evolution Chamber  
  53  4:08  Zergling x4  
  53  4:09  Drone  
  56  4:12  Drone x4  
  56  4:13  Drone  
  56  4:16  Drone x2  
  63  4:21  Drone x2  
  63  4:23  Drone x2  
  67  4:28  Zerg Melee Weapons Level 1, Overlord  
  67  4:35  Overlord  
  67  4:37  Overlord  
  67  4:42  Hatchery  
  67  4:45  Overlord  
  66  4:47  Drone  
  66  4:49  Zergling x6  
  70  4:53  Zergling x8  
  70  4:55  Zergling x2  
  70  4:58  Zergling x2  
  76  5:05  Overlord  
  76  5:06  Drone  
  76  5:07  Drone x2  
  78  5:12  Zergling x14  
  85  5:16  Lair  
  84  5:28  Drone x2  
  84  5:29  Drone x3  
  84  5:31  Extractor  
  84  5:32  Extractor x2  
  84  5:33  Drone x4  
  90  5:42  Drone x4  
  89  5:45  Drone x2  
  85  5:55  Overlord  
  85  5:56  Drone x5  
  90  6:01  Extractor  
  89  6:04  Extractor  
  89  6:07  Drone x3  
  89  6:08  Zergling x2  
  89  6:09  Zergling x10  
  95  6:12  Hatchery  
  95  6:17  Spire  
  93  6:18  Drone  
  93  6:20  Drone x3  
  93  6:22  Zergling x8  
  93  6:25  Zerg Melee Weapons Level 2  
  101  6:30  Zergling x12  
  107  6:35  Queen x3  
  107  6:36  Zergling x8  
  117  6:41  Zergling x2  
  117  6:47  Zergling x2  
  117  6:48  Zergling x4  
  117  6:50  Overlord  
  117  6:51  Overlord  
  102  7:06  Zergling x26  
  93  7:16  Zergling x2  
  93  7:17  Zergling x10  
  93  7:22  Overlord  
  97  7:29  Zergling x14  
  99  7:40  Mutalisk x4  
  111  7:59  Drone x2  
  111  8:02  Drone x2  
  103  8:06  Drone x10  
  103  8:08  Drone  
  103  8:10  Hydralisk Den  
  103  8:12  Drone x2  
  115  8:13  Drone  
  115  8:19  Overlord  
  116  8:27  Drone  
  116  8:28  Drone x7  
  116  8:29  Drone x2  
  116  8:31  Overlord  
  116  8:32  Overlord  
  126  8:39  Grooved Spines  
  126  8:41  Zerg Missile Weapons Level 1  
  126  8:43  Hydralisk x3  
  126  8:46  Hydralisk  
  134  8:50  Hydralisk  
  134  8:51  Hydralisk  
  134  8:55  Hydralisk x2  
  141  9:07  Hydralisk x6  
  151  9:15  Overlord  
  151  9:16  Hydralisk x4  
  147  9:24  Hydralisk x4  
  147  9:29  Hydralisk x2  
  155  9:35  Pneumatized Carapace, Muscular Augments  
  155  9:38  Hydralisk x3  
  155  9:41  Overlord  
  161  9:53  Hydralisk x2  
  165  10:02  Hydralisk x4  
  173  10:11  Overlord x3  
  162  10:34  Hydralisk x18  
  174  10:39  Hydralisk x2  
  153  10:44  Hydralisk x2  
  153  10:47  Hydralisk  
  152  10:50  Hydralisk  
  154  11:00  Drone x2  
  154  11:01  Drone x5, Extractor x2  
  155  11:05  Zergling x14  
  155  11:06  Zergling x2  
  161  11:13  Drone  
  161  11:14  Drone x6  
  161  11:15  Drone  
  165  11:28  Drone  
  165  11:31  Overlord x2  
  166  11:36  Corruptor x4  
  174  11:40  Zerg Flyer Weapons Level 1  
  174  11:42  Zerg Ground Armor Level 1  
  174  11:45  Corruptor x2  
  178  11:49  Corruptor  
  180  11:57  Corruptor x3  
  180  12:00  Zergling x8  
  180  12:01  Zergling x2  
  191  12:09  Corruptor x2  
  191  12:11  Overlord  
  158  13:09  Corruptor x9  
  151  13:16  Zergling x28, Corruptor x5  
  151  13:18  Zergling x10  
  161  13:25  Hydralisk x6  
  141  13:28  Queen x4  
  141  13:33  Drone x4  
  151  13:38  Drone x4  
  154  13:42  Drone  
  154  13:45  Drone  
  156  13:49  Corruptor x3  
  156  13:52  Corruptor  
  164  13:59  Corruptor x2  
  168  14:02  Corruptor  
  168  14:06  Corruptor  
  169  14:15  Corruptor x3  
  164  14:30  Drone x5, Corruptor, Hatchery  
  170  14:32  Corruptor  
  170  14:34  Zerg Flyer Weapons Level 2  
  170  14:37  Corruptor  
  174  14:44  Queen x2  
  178  14:49  Zergling x2  
  178  14:50  Zergling x10  
  185  14:52  Zergling x2  
  185  14:53  Zergling x4  
  186  15:02  Hydralisk x5  
  196  15:09  Baneling Nest  
  196  15:12  Extractor x2  
  196  15:13  Hydralisk x3  
  198  15:27  Zerg Ground Armor Level 2  
  197  15:29  Infestation Pit  
  197  15:34  Spine Crawler  
  197  15:35  Spine Crawler x2  
  170  16:01  Hydralisk x10  
  170  16:02  Zergling x10  
  170  16:03  Zergling x16  
  198  16:05  Hive  
  198  16:16  Hydralisk, Hatchery  
  179  16:57  Corruptor x7  
  179  16:59  Hydralisk x11  
  197  17:04  Evolution Chamber  
  192  17:18  Zergling x12  
  195  17:26  Drone x6  
  195  17:32  Drone x3  
  195  17:33  Drone  
  195  17:37  Adrenal Glands, Zerg Melee Weapons Level 3  
  195  17:42  Ultralisk Cavern  
  194  17:45  Zergling x10  
  194  17:47  Zerg Ground Armor Level 3  
  168  18:28  Zergling x24  
  168  18:33  Ultralisk x6  
  196  18:36  Chitinous Plating  
  196  18:38  Drone x3  
  198  18:52  Drone  
  195  19:29  Overseer  
  195  19:30  Overseer x2  
  188  19:39  Corruptor x6  
  192  19:55  Anabolic Synthesis  
  192  20:01  Zerg Flyer Armor Level 1  
  187  20:31  Corruptor  
  187  20:32  Corruptor x6  
  199  20:45  Spore Crawler  
  199  20:46  Spore Crawler x2  
  199  20:47  Spore Crawler x2  
  199  20:49  Spore Crawler  
  193  20:53  Spore Crawler  
  193  20:54  Spore Crawler x2  
  172  21:09  Corruptor  
  172  21:10  Corruptor x5  
  182  21:18  Zergling x14  
  182  21:19  Zergling x16  
  197  21:32  Hatchery  
  193  21:50  Spore Crawler  
  193  21:52  Zerg Missile Weapons Level 2, Spine Crawler  
  191  22:03  Greater Spire  
  183  22:19  Corruptor  
  183  22:20  Corruptor x5  
  183  22:21  Corruptor  
  183  22:22  Corruptor x2  
  179  22:26  Zergling x24  
  179  22:27  Queen x3  
  197  22:32  Spore Crawler  
  197  22:33  Spore Crawler  
  193  22:56  Corruptor x3  
  196  23:39  Brood Lord x4  
  190  23:57  Infestor  
  190  23:58  Infestor x3  
  196  24:13  Brood Lord x3  
  198  24:20  Brood Lord  
  198  24:22  Zerg Flyer Weapons Level 3  
  199  24:39  Overseer  
  199  24:40  Overseer x3  
  196  25:06  Viper  
  197  25:15  Zerg Missile Weapons Level 3  
  197  25:34  Spore Crawler  
  197  25:35  Spore Crawler  
  195  25:36  Spore Crawler x2  
  195  25:37  Spore Crawler x4  
  195  25:38  Infestor x2  
  191  25:47  Extractor  
  191  25:48  Zergling x20, Extractor  
  196  25:53  Queen x5  
  186  25:58  Extractor  
  186  25:59  Zergling x6  
  186  26:00  Zergling x22  
  199  26:07  Extractor  
  199  26:11  Drone  
  199  26:12  Drone  
  199  26:14  Spore Crawler  
  172  27:05  Corruptor  
  172  27:06  Corruptor x7  
  186  27:10  Zergling x28  
  191  27:22  Neural Parasite  
  182  27:38  Zergling x36  
Show
View Real Time Build Order
Export as new Build Order

ShaDoWn Protoss 

Build Orders: 1 Gate Expand, Oracle Opening, Carriers 

Get SALT Encoding   

  12  0:00  Probe  
  13  0:12  Probe  
  14  0:19  Pylon  
  14  0:24  Probe  
  15  0:34  Assimilator  
  15  0:37  Probe (Chrono Boost)  
  16  0:44  Gateway  
  16  0:49  Probe (Chrono Boost)  
  17  0:54  Probe (Chrono Boost)  
  18  1:04  Probe  
  19  1:16  Probe  
  20  1:23  Nexus  
  20  1:32  Cybernetics Core  
  20  1:35  Probe  
  21  1:41  Assimilator  
  21  1:47  Probe  
  21  1:51  Pylon  
  22  1:59  Probe  
  23  2:01  Adept  
  23  2:11  Probe (Chrono Boost)  
  23  2:12  Stargate  
  26  2:20  Warp Gate  
  27  2:23  Probe (Chrono Boost)  
  27  2:28  Probe (Chrono Boost)  
  27  2:29  Adept  
  28  2:34  Probe (Chrono Boost)  
  31  2:43  Probe (Chrono Boost)  
  31  2:44  Probe (Chrono Boost)  
  33  2:49  Probe (Chrono Boost)  
  33  2:50  Probe  
  35  2:58  Oracle (Chrono Boost)  
  35  3:01  Probe  
  35  3:02  Probe  
  40  3:09  Stalker  
  42  3:13  Probe  
  42  3:14  Pylon  
  42  3:16  Probe  
  44  3:25  Probe  
  44  3:26  Gateway  
  45  3:28  Probe  
  45  3:32  Oracle (Chrono Boost)  
  49  3:37  Probe  
  49  3:40  Probe  
  51  3:49  Pylon  
  51  3:53  Nexus  
  51  4:03  Gateway  
  51  4:05  Gateway  
  51  4:10  Adept  
  51  4:15  Twilight Council, Probe x2  
  52  4:19  Assimilator  
  52  4:23  Adept  
  54  4:26  Assimilator  
  54  4:27  Probe  
  54  4:31  Adept  
  57  4:32  Probe  
  57  4:35  Pylon  
  58  4:39  Probe  
  58  4:41  Pylon  
  58  4:44  Adept, Probe  
  58  4:45  Resonating Glaives (Chrono Boost)  
  62  4:52  Pylon  
  62  4:53  Probe  
  62  4:58  Adept x2  
  62  4:59  Probe  
  68  5:05  Probe  
  67  5:12  Adept x2  
  67  5:13  Probe  
  72  5:14  Probe  
  72  5:17  Probe  
  72  5:19  Adept x2  
  72  5:20  Shield Battery  
  78  5:25  Probe  
  78  5:27  Probe  
  80  5:35  Zealot  
  81  5:36  Adept  
  81  5:38  Probe  
  81  5:39  Probe  
  81  5:42  Probe  
  82  5:44  Adept x2  
  75  5:50  Probe  
  75  5:51  Probe  
  75  5:54  Probe  
  75  5:57  Adept x2  
  80  6:02  Probe  
  80  6:03  Pylon, Probe  
  84  6:06  Probe  
  84  6:08  Adept x2  
  89  6:14  Probe  
  89  6:15  Probe  
  89  6:18  Probe, Adept x2  
  95  6:23  Robotics Facility  
  96  6:26  Probe  
  96  6:27  Probe  
  96  6:29  Adept x2  
  102  6:34  Probe  
  102  6:39  Assimilator, Probe  
  105  6:40  Probe  
  105  6:42  Forge  
  105  6:43  Assimilator  
  102  6:47  Pylon  
  102  6:50  Adept x3  
  102  6:52  Probe  
  102  6:53  Pylon  
  109  7:04  Probe x2  
  109  7:05  Probe, Phoenix  
  112  7:10  Adept x3  
  112  7:11  Adept  
  104  7:16  Probe x2  
  104  7:18  Probe  
  105  7:28  Probe x2  
  103  7:30  Phoenix (Chrono Boost), Probe  
  103  7:32  Stargate  
  103  7:34  Fleet Beacon  
  104  7:38  Adept x4  
  104  7:40  Probe  
  101  7:50  Phoenix (Chrono Boost)  
  95  7:53  Stargate  
  95  7:54  Immortal  
  99  8:03  Pylon  
  99  8:04  Sentry  
  101  8:09  Photon Cannon  
  101  8:12  Carrier (Chrono Boost)  
  101  8:13  Carrier (Chrono Boost)  
  101  8:16  Photon Cannon x2  
  113  8:26  Protoss Air Weapons Level 1  
  113  8:28  Adept x2  
  113  8:34  Adept x2  
  119  8:39  Pylon  
  119  8:40  Carrier (Chrono Boost)  
  127  9:00  Pylon  
  132  9:05  Nexus  
  132  9:07  Carrier (Chrono Boost)  
  126  9:14  Adept x3  
  128  9:20  Probe  
  128  9:21  Carrier (Chrono Boost), Robotics Bay, Probe  
  128  9:30  Probe  
  125  9:32  Probe  
  126  9:39  Probe  
  126  9:43  Nexus, Probe  
  126  9:45  Photon Cannon, Probe  
  129  9:46  Photon Cannon  
  129  9:47  Shield Battery  
  129  9:50  Photon Cannon, Shield Battery  
  129  9:52  Photon Cannon  
  129  9:58  Carrier  
  129  9:59  Sentry  
  137  10:07  Pylon  
  137  10:12  Disruptor (Chrono Boost)  
  137  10:18  Adept x2  
  137  10:19  Adept  
  146  10:21  Probe  
  146  10:28  Shield Battery  
  145  10:31  Adept  
  145  10:35  Probe  
  137  10:39  Photon Cannon  
  125  10:46  Adept x3  
  125  10:47  Disruptor (Chrono Boost)  
  131  10:55  Probe  
  134  10:59  Sentry, Probe  
  135  11:14  Disruptor (Chrono Boost)  
  135  11:16  Probe x3  
  142  11:20  Adept x2  
  142  11:25  Adept  
  148  11:26  Protoss Air Weapons Level 2 (Chrono Boost)  
  148  11:28  Probe x2  
  148  11:30  Assimilator  
  148  11:31  Assimilator  
  154  11:41  Disruptor (Chrono Boost)  
  154  11:42  Photon Cannon  
  154  11:45  Adept x4  
  162  11:52  Pylon  
  162  11:55  Probe  
  162  11:57  Templar Archives  
  169  12:03  Carrier (Chrono Boost), Observer (Chrono Boost)  
  171  12:10  Carrier (Chrono Boost)  
  176  12:25  Nexus  
  170  12:31  Disruptor  
  170  12:33  Carrier (Chrono Boost)  
  179  12:42  Probe  
  178  12:52  Psionic Storm  
  178  12:56  Stalker  
  151  13:07  Stalker x3  
  151  13:10  Probe  
  151  13:11  Void Ray (Chrono Boost)  
  130  13:20  Void Ray (Chrono Boost)  
  130  13:22  Probe  
  130  13:26  High Templar  
  130  13:27  Probe  
  130  13:32  Void Ray (Chrono Boost)  
  130  13:35  Nexus  
  130  13:37  High Templar x3  
  130  13:39  Assimilator, Probe  
  133  13:46  Pylon, Probe  
  138  14:00  Zealot, Void Ray (Chrono Boost)  
  144  14:02  Pylon  
  144  14:03  Void Ray (Chrono Boost)  
  131  14:23  High Templar, Shield Battery  
  131  14:24  High Templar  
  135  14:25  Void Ray (Chrono Boost), Photon Cannon, Adept  
  135  14:26  Adept  
  135  14:27  Photon Cannon  
  135  14:28  Archon  
  135  14:29  Void Ray (Chrono Boost)  
  135  14:30  Void Ray (Chrono Boost)  
  147  14:36  Nexus  
  147  14:39  Pylon  
  147  14:47  High Templar x2  
  147  14:51  Archon  
  155  15:01  Void Ray (Chrono Boost)  
  155  15:02  Carrier (Chrono Boost)  
  155  15:04  Nexus  
  157  15:11  Shield Battery  
  157  15:13  Photon Cannon  
  157  15:14  Photon Cannon  
  157  15:15  Adept  
  157  15:16  Photon Cannon  
  159  15:27  High Templar x2  
  163  15:30  Archon  
  167  15:39  Void Ray (Chrono Boost)  
  167  15:43  Photon Cannon  
  167  15:45  Assimilator  
  173  15:51  Assimilator  
  161  16:01  High Templar x2  
  161  16:02  Probe  
  161  16:03  Probe  
  159  16:25  Protoss Air Weapons Level 3 (Chrono Boost), Carrier (Chrono Boost)  
  163  16:27  Void Ray, Adept  
  163  16:28  Adept  
  167  16:34  Carrier (Chrono Boost)  
  167  16:36  Shield Battery  
  167  16:37  Photon Cannon  
  173  16:40  Pylon  
  173  16:41  Pylon  
  155  16:57  Adept x4  
  155  16:59  Protoss Ground Weapons Level 1 (Chrono Boost)  
  169  17:11  Carrier (Chrono Boost)  
  169  17:18  Carrier (Chrono Boost)  
  169  17:22  Pylon  
  167  17:24  Carrier (Chrono Boost)  
  175  17:40  Mothership (Chrono Boost)  
  175  17:41  Adept x4  
  175  17:43  Shield Battery  
  183  17:46  Photon Cannon  
  183  17:49  Nexus  
  183  18:04  Adept  
  183  18:05  Adept x2  
  192  18:13  Adept  
  192  18:14  Carrier (Chrono Boost)  
  172  18:21  Carrier (Chrono Boost)  
  148  18:33  Probe  
  143  18:36  Carrier (Chrono Boost)  
  149  18:41  High Templar x4  
  149  18:43  Probe  
  156  18:49  Archon x2  
  156  18:52  Photon Cannon  
  156  18:54  Probe  
  151  19:07  Photon Cannon  
  151  19:09  Photon Cannon  
  149  19:10  Probe  
  149  19:12  Pylon  
  149  19:15  High Templar  
  149  19:16  High Templar  
  149  19:17  High Templar  
  160  19:18  Assimilator  
  160  19:22  Assimilator, Archon  
  164  19:25  Void Ray (Chrono Boost)  
  164  19:27  Void Ray (Chrono Boost), Immortal (Chrono Boost)  
  168  19:34  Archon  
  168  19:35  Zealot  
  168  19:39  Probe  
  167  19:48  Adept  
  167  19:50  Photon Cannon  
  167  19:51  Photon Cannon  
  167  19:52  High Templar x2  
  173  19:53  Photon Cannon, Shield Battery  
  173  19:56  Immortal (Chrono Boost)  
  177  20:18  Photon Cannon  
  166  20:32  Immortal (Chrono Boost)  
  170  20:35  Void Ray (Chrono Boost)  
  170  20:38  Void Ray (Chrono Boost)  
  170  20:45  Zealot  
  176  20:53  Shield Battery  
  176  20:54  Void Ray (Chrono Boost)  
  153  21:14  Void Ray (Chrono Boost), Adept x2  
  153  21:15  Void Ray (Chrono Boost)  
  153  21:16  Pylon  
  153  21:17  Pylon  
  161  21:19  Void Ray (Chrono Boost)  
  161  21:20  Pylon  
  161  21:22  Zealot  
  161  21:25  Photon Cannon, Immortal (Chrono Boost)  
  163  21:27  Pylon  
  171  21:42  Carrier  
  171  21:44  Void Ray  
  173  21:49  Photon Cannon  
  173  21:52  Adept  
  173  21:53  Adept  
  177  21:55  High Templar  
  179  22:02  Immortal (Chrono Boost)  
  179  22:06  Adept  
  173  22:29  Void Ray, Adept x4  
  185  22:41  Immortal (Chrono Boost)  
  189  22:44  Protoss Ground Weapons Level 2 (Chrono Boost)  
  185  23:04  High Templar x2  
  185  23:05  Immortal (Chrono Boost)  
  193  23:08  Archon  
  191  23:24  Adept x2  
  192  23:29  Nexus  
  192  23:31  Pylon  
  192  23:38  Void Ray  
  192  23:39  Pylon  
  192  23:40  Pylon  
  192  23:42  Pylon  
  192  23:51  High Templar x2  
  188  23:55  Archon  
  198  24:17  Void Ray x2  
  198  24:21  Void Ray  
  198  24:22  High Templar  
  198  24:25  Shield Battery  
  198  24:27  Photon Cannon  
  198  24:29  Photon Cannon  
  198  24:31  Photon Cannon  
  194  24:33  Photon Cannon  
  194  24:38  Adept x2  
  198  24:39  Adept  
  190  25:05  Carrier x2  
  198  25:21  Assimilator  
  198  25:26  Assimilator  
  197  25:44  Adept  
  198  26:06  Pylon  
  198  26:15  Nexus  
  198  26:18  Shield Battery  
  196  26:20  Assimilator, Photon Cannon  
  196  26:21  Photon Cannon  
  196  26:23  Photon Cannon  
  183  26:54  Adept x2  
  185  27:04  Tempest (Chrono Boost)  
  156  27:40  High Templar  
  142  27:47  High Templar x2  
  146  28:01  High Templar  
  146  28:03  Photon Cannon  
  146  28:05  Photon Cannon  
  148  28:06  Photon Cannon  
  87  28:51  Archon  
Tags
 
Add a new tag
Caveats
  • Supply blocks, unpowered buildings, or Contaminate may cause inaccurate times.
  • Supply counts are checked every 10 seconds.